 Dungeon Crawl Stone Soup version 0.19-a0-1855-gb7442ac (webtiles) character file.

115 Amnesiac the Sneak (level 4, -4/25 HPs)
             Began as a Deep Elf Assassin on Oct 12, 2016.
             Slain by a slave (6 damage)
             ... led by Pikel
             ... on level 4 of the Dungeon.
             The game lasted 00:02:59 (1151 turns).

Amnesiac the Sneak (Deep Elf Assassin)              Turns: 1151, Time: 00:03:00

Health: -4/25      AC:  3    Str:  8    XL:     4   Next: 68%
Magic:  6/6        EV: 12    Int: 21    God:
Gold:   85         SH:  0    Dex: 17    Spells: 0 memorised, 3 levels left

rFire  . . .     SeeInvis .     e - +0 blowgun
rCold  . . .     Gourm    .     c - +0 robe
rNeg   . . .     Faith    .     (no shield)
rPois  .         Spirit   .     (no helmet)
rElec  .         Dismiss  .     d - +0 cloak
rCorr  .         Reflect  .     (no gloves)
MR     .....     Harm     .     (no boots)
Stlth  +++.......               (no amulet)
                                (no ring)
                                (no ring)

@: brilliant, lethally poisoned (-4 -> -8), very slightly contaminated
A: no striking features
a: no special abilities


You were on level 4 of the Dungeon.
You were hungry.

You visited 1 branch of the dungeon, and saw 4 of its levels.

You collected 85 gold pieces.

Inventory:

Hand Weapons
 e - a +0 blowgun (weapon)
 w - a +2 dagger
Missiles
 b - a poisoned needle (quivered)
Armour
 c - a +0 robe (worn)
 d - a +0 cloak (worn)
Scrolls
 j - a scroll of teleportation
Potions
 f - a potion of haste {unknown}
 h - a potion of degeneration {unknown}
 k - a potion of invisibility
Comestibles
 g - a bread ration


   Skills:
 - Level 1.5 Fighting
 + Level 3.7 Short Blades
 + Level 3.7 Throwing
 - Level 1.2 Dodging
 - Level 4.8 Stealth


You had 3 spell levels left.
You didn't know any spells.

Dungeon Overview and Level Annotations

Branches:
Dungeon (4/15)
 Temple: D:4-7

Altars:

Annotations:
D:4 Edmund, Pikel


Message History

You shoot a poisoned needle.
The poisoned needle hits the worker ant.
The worker ant is poisoned.
The worker ant is almost dead.
You flicker back into view.
You kill the worker ant!
Unknown command.
The slave falls through a shaft!
The shaft crumbles and collapses.
The worker ant bites you.
* * * LOW HITPOINT WARNING * * *
You are lethally poisoned!
The worker ant poisons you!
* * * LOW HITPOINT WARNING * * *
You feel sick.
You see here a poisoned needle.
It was a potion of brilliance.
You feel clever all of a sudden.
* * * LOW HITPOINT WARNING * * *
You feel sick. The slave hits you.
You die...

............ +.............'...
....(...(....$.####.....######...
$...p..........# #........ #...
..@..#.###.#...# #.....##.###...
###............# #..............
#K.#.###.#...# #.#######.#####
#..#.#$#.#...# #.#######.#####
#..#.###.#..h####.##...........
#.......@.p.ap@...##.####.####.
##.#.###.#.p####..##.####.###
#...K...K..# #..##.##.....#
######.....# #..##.##.###.##.
####### ##O......# #...
#a##.##.###.##. #.##.##.....#
#S##.####.### #.##.####.####.


You could see Edmund, Pikel, 3 slaves, a worker ant and a jackal.

Vanquished Creatures
  A howler monkey (D:4)
  A hound (D:4)
  A worker ant (D:4)
  An adder (D:3)
  2 worms
  A leopard gecko (D:2)
  An orc (D:4)
  A giant cockroach (D:3)
  A quokka (D:3)
  A frilled lizard (D:4)
11 creatures vanquished.

Notes
Turn   | Place    | Note
-------+----------+-------------------------------------------
     0 | D:1      | Amnesiac the Deep Elf Assassin began the quest for the Orb.
     0 | D:1      | Reached XP level 1. HP: 12/12 MP: 3/3
    50 | D:3      | Reached XP level 2. HP: 13/16 MP: 4/4
   419 | D:4      | Reached XP level 3. HP: 10/20 MP: 5/5
  1100 | D:4      | Reached XP level 4. HP: 25/25 MP: 6/6
  1103 | D:4      | Noticed an ogre
  1120 | D:4      | Noticed Pikel
  1120 | D:4      | Noticed a slave
  1120 | D:4      | Noticed a slave
  1120 | D:4      | Noticed a slave
  1120 | D:4      | Noticed a slave
  1128 | D:4      | Noticed Edmund
  1151 | D:4      | Slain by a slave

Vault maps used:
D:1:      elethiomel_arrival_shortcut
D:2:      minitemple, nicolae_ru_path_of_blood
D:4:      roderic_nine_men_s_morris, minmay_surrounded, uniq_eustachio,
          uniq_pikel, uniq_edmund

Skill      XL: |  1  2 |
---------------+-------+-----
Short Blades   | 3 |  3.7
Throwing       | 3 |  3.7
Fighting       | |  1.5
Dodging        | |  1.2
Stealth        | |  4.8

Action                   |  1- 3 |  4- 6 || total
-------------------------+-------+-------++-------
Melee: Dagger            |    61 |     1 ||    62
 Fire: Blowgun           |    23 |     8 ||    31
  Use: Scroll            |       |     2 ||     2
       Potion            |       |     2 ||     2
 Stab: Distracted        |     1 |       ||     1
       Sleeping          |     1 |       ||     1
Armor: Robe              |    14 |     2 ||    16
Dodge: Dodged            |    58 |     8 ||    66
